 Dungeon Crawl Stone Soup version 0.27-a0-1090-gb115f176c6 (webtiles) character file.

Game seed: 15795157147232859443

6 voltaire321 the Insei (level 1, -2/13 HPs)
             Began as an Octopode Transmuter on Apr 28, 2021.
             Frozen to death by an endoplasm (4 damage)
             ... on level 1 of the Dungeon.
             The game lasted 00:01:32 (47 turns).

voltaire321 the Insei (Octopode Transmuter)           Turns: 47, Time: 00:01:33

Health: -2/13      AC:  1    Str:  9    XL:     1   Next: 90%
Magic:  2/3        EV: 13    Int: 15    God:
Gold:   0          SH:  0    Dex: 12    Spells: 3/4 levels left

rFire    . . .     SeeInvis .     - Unarmed
rCold    . . .     Faith    .   (no shield)
rNeg     . . .     Spirit   .   (helmet restricted)
rPois    .         Reflect  .   (no amulet)
rElec    .         Harm     .   (no ring)
rCorr    .         Rampage  .   (no ring)
Will     .....                  (no ring)
Stlth    ++........             (no ring)
HPRegen  0.04/turn              (no ring)
MPRegen  0.08/turn              (no ring)
                                (no ring)
                                (no ring)

@: no status effects
A: almost no armour, amphibious, 8 rings, camouflage 1, gelatinous body 1,
(nimble swimmer 1), tentacles
a: no special abilities


You were on level 1 of the Dungeon.
You visited 1 branch of the dungeon, and saw 1 of its levels.

You aren't carrying anything.


   Skills:
 + Level 1.1 Fighting
 + Level 2.1 Dodging
 + Level 3.0 Unarmed Combat
 + Level 2.1 Spellcasting
 + Level 2.1 Transmutations


You had 3 spell levels left.
You knew the following spells:

 Your Spells              Type           Power      Damage    Failure   Level
a - Beastly Appendage     Tmut           14%        N/A       10%         1

Your spell library contained the following spells:

 Spells                   Type           Power      Damage    Failure   Level
 Wereblood                Tmut           7%         N/A       14%         2
 Spider Form              Tmut/Pois      2%         N/A       38%         3
 Ice Form                 Ice/Tmut       4%         N/A       80%         4
 Hydra Form               Tmut           3%         N/A       95%         5


Dungeon Overview and Level Annotations

Branches:
Dungeon (1/15)

Altars:


Innate Abilities, Weirdness & Mutations

You cannot wear most types of armour.
You are amphibious.
You can wear up to eight rings at the same time.
Your skin changes colour to match your surroundings (Stealth+).
Your rubbery body absorbs attacks. (AC +1, EV +1)
((You are camouflaged near water. (Stealth+)))
You have tentacles for arms and can constrict up to eight enemies at once.


Message History

You kill the jackal!
You start resting.
A jackal is nearby!
Your magical contamination has completely faded away.
You barely miss the jackal. Your grab misses the jackal.
Your squeeze misses the jackal. The jackal bites you.
You tentacle-slap the jackal. Your grab misses the jackal.
You pierce the jackal, but do no damage.
The jackal is heavily wounded.
Your transformation is almost over.
The jackal bites you.
* * * LOW HITPOINT WARNING * * *
An endoplasm comes into view.
You completely miss the jackal. You grab the jackal.
You pierce the jackal.
The jackal is moderately wounded.
You constrict the jackal.
You tentacle-slap the jackal but do no damage.
You pierce the jackal.
You kill the jackal!
You tentacle-slap the jackal.
You kill the jackal!
An endoplasm is nearby!
Your tentacle spike disappears.
You completely miss the endoplasm. Your squeeze misses the endoplasm.
The endoplasm hits you.
* * * LOW HITPOINT WARNING * * *
You tentacle-slap the endoplasm.
The endoplasm is lightly wounded.
The endoplasm barely misses you.
You tentacle-slap the endoplasm but do no damage.
You tentacle-slap the endoplasm, but do no damage.
The endoplasm is lightly wounded.
You tentacle-slap the endoplasm.
The endoplasm is moderately wounded.
The endoplasm misses you.
You barely miss the endoplasm.
The endoplasm is moderately wounded.
The endoplasm freezes you.
You are frozen.
You die...

#.# #.# #.# #.. # #.#.#
#######.#.#####
......†........ ######
#@#.# ..
.#.....###J#.#######...
..h....................
h......................
.?..P≈≈≈≈≈≈≈≈P...P≈≈≈≈≈
....h≈≈≈≈≈≈≈≈≈...≈≈≈≈≈≈
....≈≈≈≈≈≈≈≈≈≈...≈≈≈≈≈≈
....P≈≈≈≈≈≈≈≈.....≈≈≈≈≈
>.$............<.......


You could see an endoplasm.

Vanquished Creatures
  4 jackals (D:1)
  A rat (D:1)
5 creatures vanquished.

Notes
Turn   | Place    | Note
-------+----------+-------------------------------------------
     0 | D:1      | voltaire321 the Octopode Transmuter began the quest for the
                  | Orb.
     0 | D:1      | Reached XP level 1. HP: 13/13 MP: 3/3
    47 | D:1      | Frozen to death by an endoplasm

Illustrated notes

Levels and vault maps discovered:
D:1:      giann_bridges, layout_basic

Action                   || total
-------------------------++-------
Melee: Unarmed           ||    23
       Kick              ||     4
       Constrict         ||     3
       Punch             ||     1
 Cast: Beastly Appendage ||     2
Armor: Skin              ||     1
Dodge: Dodged            ||    18

Table legend: (Time is in decaauts)
 A = Elapsed time spent in this place.
 B = Non-inter-level travel time spent in this place.
 C = Inter-level travel time spent in this place.
 D = Time resting spent in this place.
 E = Time spent auto-exploring this place.
 F = Levels seen in this place.
 G = Mean time per level.
                   A        B        C        D        E       F      G
               +--------+--------+--------+--------+--------+-----+--------+
         Total |     45 |     45 |      0 |      2 |      7 |   1 |   45.0 |
       Dungeon |     45 |     45 |      0 |      2 |      7 |   1 |   45.0 |
               +--------+--------+--------+--------+--------+-----+--------+

Top non-repeatable levels by time:
     D:1: 45 daAuts
